[Event "Titled Tuesday Blitz March 29 Early 2022"]
[White "Steinberg, Nitzan"]
[Black "Barrientos, Sergio E"]
[WhiteFideId "2801795"]
[BlackFideId "4401824"]
[WhiteElo "2440"]
[BlackElo "2397"]
[Result "1-0"]
[Round "10"]
[TimeControl "180+1"]
[Date "2022.03.29"]
[WhiteClock "0:00:03"]
[BlackClock "0:00:01"]

1. d4 Nf6 2. Nf3 e6 3. c4 Bb4+ 4. Bd2 a5 5. g3 d6 6. Bg2 Nbd7 7. O-O e5 8. Bg5 exd4 9. Nxd4 h6 10. Bf4 O-O 11. a3 Bc5 12. Nc3 a4 13. Rc1 Nb6 14. Qd3 Re8 15. Rfd1 Ng4 16. h3 Ne5 17. Bxe5 dxe5 18. Ndb5 Qe7 19. Nd5 Nxd5 20. cxd5 Ra6 21. Qc3 b6 22. e3 Ra5 23. b4 Rxb5 24. bxc5 Rxc5 25. Qb4 Bd7 26. Rxc5 bxc5 27. Qa5 Qd6 28. Rc1 c4 29. Rxc4 Qxa3 30. Qxc7 Bb5 31. Rc5 Qb2 32. d6 a3 33. Bd5 a2 34. Bxf7+ Kh7 35. Bxa2 Rf8 36. Rc2 Qa1+ 37. Kh2 Qe1 38. f4 Qxe3 39. Qc5 Qe4 40. Bb1 Bd3 41. Qxe5 Qxe5 42. fxe5 Rb8 43. d7 Kg6 44. Rc6+ 1-0


[Site "https://www.chess.com"]

[Event "Titled Tuesday Blitz March 29 Early 2022"]
[White "Suarez Uriel, Adrian"]
[Black "Yanayt, Eugene"]
[WhiteFideId "22230874"]
[BlackFideId "2020165"]
[WhiteElo "2316"]
[BlackElo "2046"]
[Result "0-1"]
[Round "10"]
[TimeControl "180+1"]
[Date "2022.03.30"]
[WhiteClock "0:02:03"]
[BlackClock "0:01:10"]

1. d4 Nf6 2. c4 g6 3. Nc3 Bg7 4. e4 d6 5. h3 O-O 6. Be3 c5 7. Nf3 Qa5 8. Bd3 Nc6 9. O-O e5 10. d5 Nd4 11. Bxd4 cxd4 12. Nb5 Ne8 13. a3 a6 14. b4 Qd8 15. Nxd6 Qxd6 16. c5 Qd8 17. Qb3 Kh8 18. a4 f5 19. b5 fxe4 20. Bxe4 Nf6 21. Rfe1 Nxe4 22. Rxe4 Bf5 23. Ree1 e4 24. Nd2 e3 25. Nf3 Be4 26. fxe3 Bxf3 27. gxf3 Rxf3 28. Qd1 Qg5+ 29. Kh2 Rf2+ 0-1


[Site "https://www.chess.com"]

[Event "Titled Tuesday Blitz March 29 Early 2022"]
[White "Szpar, Milosz"]
[Black "Secer, Ata"]
[WhiteFideId "1184989"]
[BlackFideId "6303293"]
[WhiteElo "2447"]
[BlackElo "2282"]
[Result "0-1"]
[Round "10"]
[TimeControl "180+1"]
[Date "2022.03.30"]
[WhiteClock "0:01:53"]
[BlackClock "0:01:19"]

1. e4 c5 2. d4 cxd4 3. c3 Nf6 4. e5 Nd5 5. Nf3 e6 6. cxd4 d6 7. Bc4 Be7 8. O-O O-O 9. Qe2 b6 10. Rd1 Bb7 11. Bxd5 exd5 12. Bf4 dxe5 13. Nxe5 Nc6 14. Nc3 Nxe5 15. Bxe5 Re8 16. Qg4 Bf8 17. Rd3 Rc8 18. h4 f6 19. Bf4 Qe7 20. h5 Qf7 21. Rf1 Ba6 22. Rfd1 Bxd3 23. Rxd3 Qe6 24. Qxe6+ Rxe6 25. Nxd5 Re1+ 26. Kh2 Re2 27. Kg3 Rxb2 28. h6 Kf7 29. hxg7 Bxg7 30. Re3 Bf8 31. a4 Ra2 32. Rf3 Rxa4 33. Be5 Ra3 34. Ne3 Be7 35. Bf4 Rd3 36. d5 a5 37. Nf5 Rxf3+ 38. Kxf3 Bf8 39. d6 Ke6 40. Nd4+ Kd7 41. Ke4 Rc4 42. Kd3 Rxd4+ 43. Kxd4 Bxd6 44. Bd2 Ke6 45. Kc4 Bc5 46. f3 h5 47. Bxa5 bxa5 48. Kxc5 Ke5 49. Kb5 Kf4 50. Kxa5 Kg3 51. Kb4 Kxg2 52. Kc4 Kxf3 53. Kd4 f5 54. Kd5 f4 55. Ke6 h4 56. Kf5 h3 57. Kg5 h2 58. Kg6 h1=Q 59. Kg5 Qh3 60. Kg6 Qg4+ 61. Kh7 Ke4 62. Kh6 Kf5 63. Kh7 Kf6 64. Kh6 Qh3# 0-1


[Site "https://www.chess.com"]

[Event "Titled Tuesday Blitz March 29 Early 2022"]
[White "Taboas Rodriguez, Daniel"]
[Black "Ferreira, Vitor Hugo Vieira"]
[WhiteFideId "2208466"]
[BlackFideId "2119765"]
[WhiteElo "2429"]
[BlackElo "2165"]
[Result "1-0"]
[Round "10"]
[TimeControl "180+1"]
[Date "2022.03.30"]
[WhiteClock "0:02:34"]
[BlackClock "0:01:44"]

1. d4 d5 2. Nf3 Nf6 3. c4 c6 4. cxd5 cxd5 5. Nc3 Nc6 6. Bf4 Bf5 7. e3 a6 8. Rc1 Rc8 9. Bd3 Bxd3 10. Qxd3 e6 11. O-O Bd6 12. Bxd6 Qxd6 13. Na4 Nd7 14. Nc5 Nxc5 15. Rxc5 O-O 16. Rfc1 Ne7 17. b4 Rxc5 18. bxc5 Qc7 19. Rb1 Rb8 20. Qb3 Nc8 21. Qa4 h6 22. Qe8+ Kh7 23. Ne5 f6 24. Nd7 Ra8 25. Nf8+ Kg8 26. Nxe6+ 1-0


[Site "https://www.chess.com"]

[Event "Titled Tuesday Blitz March 29 Early 2022"]
[White "Tanenbaum, Zachary"]
[Black "Yoo, Christopher Woojin"]
[WhiteFideId "2060850"]
[BlackFideId "30909694"]
[WhiteElo "2168"]
[BlackElo "2105"]
[Result "0-1"]
[Round "10"]
[TimeControl "180+1"]
[Date "2022.03.29"]
[WhiteClock "0:00:06"]
[BlackClock "0:00:05"]

1. e4 Nf6 2. e5 Nd5 3. d4 d6 4. Nf3 dxe5 5. Nxe5 c6 6. Bc4 Bf5 7. O-O e6 8. Re1 Bd6 9. c3 O-O 10. Nd2 Nd7 11. Ndf3 N7f6 12. Bd3 Bg6 13. Bxg6 hxg6 14. Bd2 c5 15. dxc5 Bxc5 16. Qe2 Qc7 17. Ng5 Rae8 18. c4 Nb4 19. Bc3 Nc6 20. Qf3 Bd4 21. Bxd4 Nxd4 22. Qh3 Nf5 23. Rad1 Nh6 24. Qg3 Rd8 25. Nxg6 Qxg3 26. Ne7+ Kh8 27. hxg3 Rfe8 28. Rxd8 Rxd8 29. Ne4 Nxe4 30. Rxe4 f5 31. Rxe6 Rd1+ 32. Kh2 Ng4+ 33. Kh3 Rh1# 0-1


[Site "https://www.chess.com"]

[Event "Titled Tuesday Blitz March 29 Early 2022"]
[White "Terletsky, Oleg"]
[Black "Martin Carmona, Gaston Manuel"]
[WhiteFideId "14116774"]
[BlackFideId "22284567"]
[WhiteElo "2064"]
[BlackElo "2161"]
[Result "0-1"]
[Round "10"]
[TimeControl "180+1"]
[Date "2022.03.30"]
[WhiteClock "0:00:05"]
[BlackClock "0:00:09"]

1. e4 e6 2. d4 d5 3. Nd2 c5 4. Ngf3 cxd4 5. exd5 Qxd5 6. Bc4 Qd6 7. O-O Nf6 8. Nb3 Nc6 9. Nbxd4 Nxd4 10. Nxd4 Be7 11. Nb5 Qc6 12. Qe2 a6 13. Bf4 O-O 14. Nd4 Qb6 15. Rad1 Qxb2 16. Rd3 b5 17. Bb3 Bd7 18. Be5 Qa3 19. Rg3 Qc5 20. Re1 g6 21. Qe3 Rfe8 22. Qh6 Bf8 23. Qh4 Nd5 24. Qxh7+ Kxh7 25. Rh3+ Bh6 26. f4 Ne7 27. Bf6 Nf5 28. c3 Nxd4 29. cxd4 Qf5 30. Bg5 Kg7 31. Bxh6+ Kg8 32. Bg5 Bc6 33. Re5 Qb1+ 34. Kf2 Qb2+ 35. Re2 Qxd4+ 36. Kg3 f6 37. Bh6 Kf7 38. Rf2 Qe3+ 39. Kg4 Qxf2 40. Rc3 Qxg2+ 41. Kh4 Qf2+ 0-1


[Site "https://www.chess.com"]

[Event "Titled Tuesday Blitz March 29 Early 2022"]
[White "Thomas, Anysia"]
[Black "Ronka, Erik"]
[WhiteFideId "670472"]
[BlackFideId "505080"]
[WhiteElo "2002"]
[BlackElo "2264"]
[Result "0-1"]
[Round "10"]
[TimeControl "180+1"]
[Date "2022.03.30"]
[WhiteClock "0:00:01"]
[BlackClock "0:00:06"]

1. d4 d5 2. c4 c6 3. Nf3 Nf6 4. e3 Bf5 5. Nc3 a6 6. Qb3 Ra7 7. c5 Nbd7 8. Bd2 e5 9. Be2 e4 10. Nh4 Be6 11. g3 Be7 12. f3 exf3 13. Nxf3 O-O 14. O-O Ne4 15. Qc2 f5 16. b4 Qc7 17. Be1 Raa8 18. a4 g5 19. Nd2 Bf6 20. Ndxe4 fxe4 21. Bf2 g4 22. b5 Bg5 23. Qb3 Kg7 24. Nxe4 Bh6 25. Nd6 axb5 26. axb5 Rxa1 27. Rxa1 b6 28. bxc6 bxc5 29. cxd7 Qxd6 30. dxc5 Qxc5 31. Qb2+ Kg8 32. Qe5 Bxd7 33. Rf1 Re8 34. Qh5 Bxe3 35. Bxg4 Bxf2+ 36. Rxf2 Rf8 37. Qg5+ Kh8 38. Bf3 Qd6 39. Kg2 d4 0-1


[Site "https://www.chess.com"]

[Event "Titled Tuesday Blitz March 29 Early 2022"]
[White "Tiarks, Jann-Christian"]
[Black "Agasarov, Benik"]
[WhiteFideId "12951595"]
[BlackFideId "13314823"]
[WhiteElo "2176"]
[BlackElo "2521"]
[Result "0-1"]
[Round "10"]
[TimeControl "180+1"]
[Date "2022.03.30"]
[WhiteClock "0:02:23"]
[BlackClock "0:02:06"]

1. e4 e5 2. Nf3 Nc6 3. d4 exd4 4. Nxd4 Nf6 5. Nc3 Bb4 6. Nxc6 bxc6 7. Bd3 d5 8. exd5 O-O 9. O-O Bg4 10. Be2 Bxe2 11. Nxe2 cxd5 12. Bf4 Bd6 13. Qd3 Rb8 14. b3 c6 15. c4 Bxf4 16. Nxf4 Qc7 17. g3 Rfd8 18. Rac1 d4 19. c5 Nd5 20. Nxd5 Rxd5 21. Rfe1 Rbd8 22. Re4 h6 23. b4 a5 24. a3 axb4 25. axb4 Qb7 26. Rce1 Rf8 27. Rxd4 Qxb4 28. Rxd5 Qxe1+ 0-1


[Site "https://www.chess.com"]

[Event "Titled Tuesday Blitz March 29 Early 2022"]
[White "Timofeev, Artyom"]
[Black "Karolczuk, Iwo"]
[WhiteFideId "4140419"]
[BlackFideId "21816972"]
[WhiteElo "2594"]
[BlackElo "2243"]
[Result "1-0"]
[Round "10"]
[TimeControl "180+1"]
[Date "2022.03.29"]
[WhiteClock "0:00:09"]
[BlackClock "0:00:02"]

1. e4 c5 2. Nc3 Nc6 3. g3 g6 4. Bg2 Bg7 5. d3 d6 6. Be3 e5 7. Nge2 Nge7 8. O-O O-O 9. f4 exf4 10. Nxf4 Ne5 11. h3 Rb8 12. a4 a6 13. Kh2 b5 14. axb5 axb5 15. Qd2 b4 16. Ncd5 Nxd5 17. Nxd5 Be6 18. Nf4 Bc8 19. b3 Nc6 20. Rae1 Nd4 21. Nd5 Be6 22. Bg5 f6 23. Bf4 Qd7 24. h4 Rbe8 25. Ne3 h6 26. g4 Kh7 27. Qd1 Nc6 28. h5 g5 29. Bg3 Ne5 30. Nf5 Ra8 31. Kh3 Ra2 32. Rf2 Rc8 33. Ref1 Bh8 34. Qc1 Qd8 35. Qe3 Qd7 36. Rd2 Bg7 37. Rfd1 Re8 38. Qf2 Nc6 39. Bf1 Ne5 40. Be2 Bxf5 41. exf5 Rc8 42. Bf3 Bf8 43. Bd5 Qa7 44. Qg2 Kg7 45. Qe4 Be7 46. Be6 Rb8 47. Qd5 Qb7 48. Re2 Qxd5 49. Bxd5 Rc8 50. Rdd2 Rc7 51. d4 cxd4 52. Rxd4 Ra5 53. Be6 Rb5 54. Ree4 Rcb7 55. Bd5 Rb8 56. Bc4 Rc5 57. Rd5 Rxd5 58. Bxd5 Bd8 59. Be1 Ba5 60. Be6 Kf8 61. Bd2 Ke7 62. Kg2 d5 63. Re2 d4 64. Be1 Kd6 65. Bg3 Bc7 66. Bxe5+ fxe5 67. Bc4 Ke7 68. f6+ Kxf6 69. Rf2+ Ke7 70. Rf7+ Kd6 71. Rf6+ Kc5 72. Rxh6 e4 73. Re6 e3 74. h6 Rh8 75. Bd3 Bd6 76. h7 Kd5 77. Rf6 Be5 78. Rf7 Ke6 79. Rf1 Bf4 80. Ra1 Be5 81. Ra6+ Kd5 82. Ra7 Bf6 83. Kf3 Be5 84. Ke2 Rf8 85. Bf5 Rh8 86. Ra5+ Kd6 87. Kd3 Bf6 88. Be4 Be5 89. Ra6+ Kd7 90. Bf5+ Kc7 91. Re6 Bf4 92. Re7+ Kd6 93. Rg7 Be5 94. Rxg5 Ke7 95. Rg6 Bf6 96. Rg8 Kf7 97. g5 Bg7 98. g6+ Kf6 99. Be4 Ke5 100. Rxg7 1-0


[Site "https://www.chess.com"]

[Event "Titled Tuesday Blitz March 29 Early 2022"]
[White "Toncheva, Nadya"]
[Black "Mogirzan, Matei-Valeriu"]
[WhiteFideId "2924056"]
[BlackFideId "1257455"]
[WhiteElo "1884"]
[BlackElo "1733"]
[Result "0-1"]
[Round "10"]
[TimeControl "180+1"]
[Date "2022.03.30"]
[WhiteClock "0:00:08"]
[BlackClock "0:00:07"]

1. e4 e5 2. Nf3 Nf6 3. Nxe5 Nc6 4. Nxc6 dxc6 5. d3 Bc5 6. Be2 h5 7. c3 Ng4 8. d4 Qh4 9. g3 Qf6 10. Bf4 g5 11. dxc5 gxf4 12. Qd4 Ne5 13. Nd2 Bg4 14. f3 Rd8 15. Qf2 fxg3 16. hxg3 h4 17. O-O-O Be6 18. f4 Bxa2 19. Rxh4 Rxh4 20. gxh4 Rd3 21. Qg2 Re3 22. fxe5 Qxe5 23. Bc4 Rxc3+ 24. bxc3 Qxc3# 0-1


[Site "https://www.chess.com"]

[Event "Titled Tuesday Blitz March 29 Early 2022"]
[White "Tregubov, Pavel V."]
[Black "Jumabayev, Rinat"]
[WhiteFideId "4115341"]
[BlackFideId "13702661"]
[WhiteElo "2341"]
[BlackElo "2561"]
[Result "0-1"]
[Round "10"]
[TimeControl "180+1"]
[Date "2022.03.29"]
[WhiteClock "0:00:45"]
[BlackClock "0:01:14"]

1. e4 e6 2. d4 d5 3. exd5 exd5 4. Nf3 Nc6 5. Bd3 Bg4 6. c3 Bd6 7. h3 Bh5 8. Qe2+ Nge7 9. g4 Bg6 10. Bxg6 hxg6 11. Be3 Qd7 12. Nbd2 O-O-O 13. O-O-O Rde8 14. Qd3 f5 15. Bg5 fxg4 16. hxg4 Qxg4 17. Bxe7 Nxe7 18. Rhg1 Qf4 19. Kb1 Rh3 20. Qe2 Qf5+ 21. Ka1 Rf8 22. Ng5 Rd3 23. Ne6 Rf7 24. Rg5 Qh3 25. f3 Rxd2 26. Rxd2 Rxf3 27. Rg1 Re3 28. Qb5 c6 29. Ng5 cxb5 30. Nxh3 Rxh3 31. a3 Rf3 32. Re2 Kd7 33. Rh1 g5 34. Rg2 Bf4 35. Rh7 Nf5 36. Rh8 Ne3 37. Re2 g4 38. Rg8 Bh6 39. Rb8 Kc7 0-1


[Site "https://www.chess.com"]

[Event "Titled Tuesday Blitz March 29 Early 2022"]
[White "Vakhlamov, Igor L."]
[Black "Vlassov, Nikolai"]
[WhiteFideId "24126748"]
[BlackFideId "4103360"]
[WhiteElo "2401"]
[BlackElo "2407"]
[Result "1-0"]
[Round "10"]
[TimeControl "180+1"]
[Date "2022.03.29"]
[WhiteClock "0:00:54"]
[BlackClock "0:01:32"]

1. e4 Nc6 2. Nc3 Nf6 3. Bb5 e5 4. Nf3 Nd4 5. Bc4 Bc5 6. d3 d6 7. Na4 Bg4 8. Nxc5 dxc5 9. c3 Nxf3+ 10. gxf3 Bh5 11. Rg1 Nd7 12. Rg5 g6 13. Qb3 Qf6 14. Qxb7 Qxf3 15. Rxh5 Rb8 16. Rxe5+ Kd8 17. Qd5 Qh1+ 18. Ke2 Qxh2 19. Bg5+ Kc8 20. Ba6+ 1-0


[Site "https://www.chess.com"]

[Event "Titled Tuesday Blitz March 29 Early 2022"]
[White "Vestby-Ellingsen, Mads"]
[Black "Legenia, Artem"]
[WhiteFideId "1520857"]
[BlackFideId "14136945"]
[WhiteElo "2232"]
[BlackElo "1936"]
[Result "1-0"]
[Round "10"]
[TimeControl "180+1"]
[Date "2022.03.30"]
[WhiteClock "0:00:09"]
[BlackClock "0:00:16"]

1. e4 c6 2. d4 d5 3. exd5 cxd5 4. Bd3 Nc6 5. c3 g6 6. Nf3 Nh6 7. O-O Bg7 8. h3 O-O 9. Re1 a6 10. Na3 Nf5 11. Nc2 Nd6 12. Bf4 Bf5 13. Bxf5 Nxf5 14. Ne3 Nxe3 15. Rxe3 e6 16. Qe2 b5 17. h4 Re8 18. h5 Qb6 19. Ne5 Nxe5 20. Bxe5 Bxe5 21. Rxe5 b4 22. h6 f6 23. Re3 bxc3 24. bxc3 Rac8 25. Re1 Kf7 26. Rf3 Rc6 27. Qe5 Qd8 28. Rb1 Rf8 29. Rb7+ Kg8 30. Qe2 Rb6 31. Rg7+ Kh8 32. Re3 Qd6 33. g3 Re8 34. c4 dxc4 35. Qxc4 Rc6 36. Qb3 Rb6 37. Qa4 Qc6 38. Qxc6 Rxc6 39. d5 Rd6 40. dxe6 Rdxe6 41. Rxe6 Rxe6 42. Ra7 Kg8 43. Kg2 g5 44. Rg7+ Kh8 45. Kf3 Rb6 46. Kg4 Rd6 47. Kf5 Rb6 48. Rf7 Kg8 49. Rxf6 Rb5+ 50. Kg4 a5 51. Rf5 Rb4+ 52. Kxg5 1-0


[Site "https://www.chess.com"]

[Event "Titled Tuesday Blitz March 29 Early 2022"]
[White "Weetik, Vjacheslav"]
[Black "Piesik, Piotr"]
[WhiteFideId "4153472"]
[BlackFideId "1136194"]
[WhiteElo "2469"]
[BlackElo "2190"]
[Result "0-1"]
[Round "10"]
[TimeControl "180+1"]
[Date "2022.03.29"]
[WhiteClock "0:00:05"]
[BlackClock "0:00:58"]

1. d4 c5 2. d5 e5 3. Nc3 d6 4. e4 Be7 5. Bb5+ Nd7 6. a4 Bg5 7. Bxg5 Qxg5 8. Nf3 Qd8 9. Nd2 a6 10. Be2 Ne7 11. Nc4 Nf6 12. a5 O-O 13. O-O Ne8 14. Na4 Bd7 15. Nab6 Rb8 16. Qd2 Ng6 17. Rfe1 Bb5 18. b4 cxb4 19. Qxb4 Nf4 20. Bf1 f5 21. g3 Ng6 22. exf5 Ne7 23. Bh3 Nxf5 24. Bxf5 Rxf5 25. Ne3 Rf7 26. c4 Bd7 27. c5 Bh3 28. c6 Qf6 29. Qd2 Nc7 30. Rac1 Nb5 31. Rc4 Nd4 32. Rxd4 exd4 33. Ng2 Qf3 34. Nh4 Qg4 35. f4 g6 36. Qxd4 g5 37. Nd7 gxh4 38. Nxb8 Rf8 39. Re7 hxg3 0-1


[Site "https://www.chess.com"]

[Event "Titled Tuesday Blitz March 29 Early 2022"]
[White "Xiong, Jeffery"]
[Black "Gareyev, Timur"]
[WhiteFideId "2047640"]
[BlackFideId "14200937"]
[WhiteElo "2727"]
[BlackElo "2582"]
[Result "1-0"]
[Round "10"]
[TimeControl "180+1"]
[Date "2022.03.29"]
[WhiteClock "0:00:49"]
[BlackClock "0:00:04"]

1. e4 e5 2. Nf3 Nc6 3. Nc3 Nf6 4. d4 exd4 5. Nxd4 Bb4 6. Nxc6 bxc6 7. Bd3 d5 8. exd5 cxd5 9. O-O O-O 10. h3 c6 11. Qf3 Bd6 12. Bf4 Rb8 13. b3 Rb4 14. Ne2 Bxf4 15. Nxf4 Qd6 16. c4 a5 17. Rfd1 Be6 18. Rac1 a4 19. Bc2 axb3 20. Bxb3 h6 21. Rc2 Rd8 22. Rcd2 Qc5 23. Nd3 Qb6 24. Nxb4 Qxb4 25. cxd5 cxd5 26. Rd4 Qc5 27. Qe3 Qa5 28. Ra4 Qc7 29. Ra7 Qb8 30. Qc5 Rc8 31. Qd4 Ne4 32. Ra5 Nc3 33. Re1 Qc7 34. Ra7 Qb8 35. Ra6 Qb5 36. Qb6 Qd3 37. Rxe6 fxe6 38. Qxe6+ Kh7 39. Qxc8 Qb1+ 40. Kh2 Ne2 41. Bc2+ 1-0


[Site "https://www.chess.com"]

[Event "Titled Tuesday Blitz March 29 Early 2022"]
[White "Xu, Yi"]
[Black "Tsyhanchuk, Stanislav"]
[WhiteFideId "8605564"]
[BlackFideId "13505130"]
[WhiteElo "2471"]
[BlackElo "2078"]
[Result "1-0"]
[Round "10"]
[TimeControl "180+1"]
[Date "2022.03.29"]
[WhiteClock "0:01:02"]
[BlackClock "0:00:19"]

1. e4 c5 2. Nf3 Nc6 3. Bb5 g6 4. O-O Bg7 5. Re1 Nh6 6. c3 f5 7. e5 O-O 8. d4 e6 9. dxc5 Nf7 10. Bxc6 bxc6 11. Nbd2 Ba6 12. Qa4 Bb5 13. Qa3 g5 14. c4 g4 15. cxb5 gxf3 16. Nxf3 cxb5 17. Bf4 Kh8 18. Rad1 a6 19. c6 Ra7 20. Be3 Ra8 21. Rxd7 Qc8 22. Qc5 Qe8 23. Red1 Rg8 24. c7 Bf8 25. Qc6 Bg7 26. Bf4 b4 27. Qb6 a5 28. h3 Rc8 29. Qxa5 Bf8 30. a3 bxa3 31. bxa3 Bg7 32. Qb6 Rf8 33. a4 Rg8 34. a5 Rf8 35. a6 Rg8 36. a7 h6 37. Qb8 Rf8 38. a8=Q 1-0


[Site "https://www.chess.com"]

[Event "Titled Tuesday Blitz March 29 Early 2022"]
[White "Zhigalko, Sergei"]
[Black "Seo, Jung Min"]
[WhiteFideId "13502956"]
[BlackFideId "1734687"]
[WhiteElo "2662"]
[BlackElo "2401"]
[Result "1-0"]
[Round "10"]
[TimeControl "180+1"]
[Date "2022.03.29"]
[WhiteClock "0:01:47"]
[BlackClock "0:02:11"]

1. e4 e5 2. Nf3 Nc6 3. Bc4 Nf6 4. d3 h6 5. O-O d6 6. c3 g5 7. Re1 Bg7 8. Nbd2 Qe7 9. Bb3 Be6 10. Nc4 Nh7 11. Ne3 O-O 12. h3 Na5 13. Bc2 Kh8 14. d4 Nc4 15. Nf5 Bxf5 16. exf5 Rae8 17. Qd3 Nb6 18. f6 Nxf6 19. dxe5 dxe5 20. Nxe5 Qd6 21. Nxf7+ 1-0


[Site "https://www.chess.com"]

[Event "Titled Tuesday Blitz March 29 Early 2022"]
[White "Aaditya Dhingra"]
[Black "Tregubov, Pavel V."]
[WhiteFideId "25678191"]
[BlackFideId "4115341"]
[WhiteElo "1849"]
[BlackElo "2341"]
[Result "1-0"]
[Round "11"]
[TimeControl "180+1"]
[Date "2022.03.29"]
[WhiteClock "0:00:24"]
[BlackClock "0:01:04"]

1. e4 e6 2. d4 d5 3. Nc3 Bb4 4. e5 c5 5. a3 Ba5 6. b4 cxd4 7. Nb5 Bc7 8. f4 Bd7 9. Nf3 Bxb5 10. Bxb5+ Nc6 11. O-O Ne7 12. Bd3 a6 13. Kh1 h6 14. Bb2 Bb6 15. g4 h5 16. g5 g6 17. Qd2 Rc8 18. a4 Qc7 19. b5 axb5 20. axb5 Na5 21. Bxd4 Bxd4 22. Nxd4 Nc4 23. Bxc4 Qxc4 24. Rfb1 O-O 25. Ra7 Rc7 26. Qd3 Qc5 27. b6 Rd7 28. Rb5 Qc8 29. Qa3 Nc6 30. Rc5 Nxa7 31. Rxc8 Nxc8 32. Qc5 1-0


[Site "https://www.chess.com"]

[Event "Titled Tuesday Blitz March 29 Early 2022"]
[White "Aditya Mittal"]
[Black "Chen, Qi b"]
[WhiteFideId "35042025"]
[BlackFideId "8614733"]
[WhiteElo "2303"]
[BlackElo "2432"]
[Result "0-1"]
[Round "11"]
[TimeControl "180+1"]
[Date "2022.03.29"]
[WhiteClock "0:00:01"]
[BlackClock "0:00:16"]

1. d4 Nf6 2. c4 e6 3. Nf3 d5 4. Nc3 Nbd7 5. cxd5 exd5 6. Bg5 c6 7. e3 h6 8. Bh4 g5 9. Bg3 Nh5 10. Qc2 Nxg3 11. hxg3 Bg7 12. Bd3 Nb6 13. O-O-O Be6 14. Kb1 Qc7 15. Bf5 O-O-O 16. g4 Kb8 17. Rh3 Nc4 18. Rdh1 Nd6 19. Bxe6 fxe6 20. Nd2 Rhf8 21. f3 Qe7 22. Ne2 e5 23. dxe5 Qxe5 24. f4 Qe7 25. f5 Rc8 26. Ng3 c5 27. e4 c4 28. Nh5 Be5 29. exd5 c3 30. bxc3 Nb5 31. Qa4 Nxc3+ 32. Rxc3 Rxc3 33. Nf3 Bd6 34. Re1 Qd8 35. Qd4 Qa5 36. Ng7 Rfc8 37. Ne8 Rxf3 38. Rd1 Rf4 39. Qe3 Rb4+ 40. Ka1 Rc2 0-1


[Site "https://www.chess.com"]

[Event "Titled Tuesday Blitz March 29 Early 2022"]
[White "Agasarov, Benik"]
[Black "Lauridsen, Jesper Morch"]
[WhiteFideId "13314823"]
[BlackFideId "1401890"]
[WhiteElo "2525"]
[BlackElo "2327"]
[Result "1-0"]
[Round "11"]
[TimeControl "180+1"]
[Date "2022.03.30"]
[WhiteClock "0:00:27"]
[BlackClock "0:00:01"]

1. d4 Nf6 2. Bg5 Ne4 3. Bf4 d5 4. f3 Nf6 5. Nc3 e6 6. e4 Bb4 7. Bd3 c5 8. a3 Bxc3+ 9. bxc3 c4 10. Be2 dxe4 11. Bxc4 Qa5 12. Qd2 O-O 13. Be5 Nc6 14. Bxf6 gxf6 15. fxe4 b5 16. Bd3 Bb7 17. Ne2 Rad8 18. O-O Nxd4 19. Nxd4 Rxd4 20. Rxf6 Qb6 21. Kh1 Rxe4 22. Bxe4 Bxe4 23. Qg5+ Bg6 24. h4 Kh8 25. h5 Bxc2 26. Rf4 f5 27. h6 Qb7 28. Rd4 Be4 29. Rd8 Bxg2+ 30. Kh2 Qc7+ 31. Kxg2 Qc6+ 32. Kg1 Qb6+ 33. Rd4 Rg8 34. Qxg8+ Kxg8 35. Re1 Kf7 36. Kf1 Qc5 37. Rd7+ Kf6 38. Rxh7 Qc4+ 39. Re2 f4 40. Rh8 Kf7 41. h7 Kg7 42. Rf8 Kxh7 43. Ke1 e5 44. Rh2+ Kg6 45. Rg2+ Kh6 46. Rh8# 1-0


[Site "https://www.chess.com"]

[Event "Titled Tuesday Blitz March 29 Early 2022"]
[White "Alinasab, Mobina"]
[Black "Skliarov, Viktor"]
[WhiteFideId "12528897"]
[BlackFideId "14106736"]
[WhiteElo "2476"]
[BlackElo "2618"]
[Result "0-1"]
[Round "11"]
[TimeControl "180+1"]
[Date "2022.03.30"]
[WhiteClock "0:00:10"]
[BlackClock "0:00:19"]

1. e4 c5 2. Nf3 Nc6 3. d4 cxd4 4. Nxd4 Nf6 5. Nc3 e5 6. Ndb5 d6 7. Bg5 a6 8. Na3 b5 9. Bxf6 gxf6 10. Nd5 f5 11. Bd3 Be6 12. c4 Qa5+ 13. Qd2 Qxd2+ 14. Kxd2 Bh6+ 15. Kd1 Bxd5 16. cxd5 Nb4 17. Bb1 Rc8 18. Ke2 Bc1 19. Nc2 Nxc2 20. Rxc1 Nd4+ 21. Kd2 Rxc1 22. Kxc1 fxe4 23. Bxe4 f5 24. Bd3 e4 25. Bf1 Ke7 26. Kd2 Rc8 27. Rb1 Kf6 28. Ke3 Ke5 29. f4+ exf3 30. gxf3 f4+ 31. Kd3 Nxf3 32. Bg2 Nh4 33. Be4 h6 34. Rg1 f3 35. Ke3 f2 36. Rf1 Rc4 37. Bh1 Rc2 38. Rxf2 Rxf2 39. Kxf2 Kf4 40. a3 Ng6 41. Bf3 Ne5 42. Be2 Nc4 43. a4 Nxb2 44. axb5 axb5 45. Bxb5 Nd1+ 46. Kg2 Ne3+ 47. Kh3 Nxd5 48. Kh4 Nf6 49. Kh3 d5 50. Kg2 Ke3 51. Kg3 d4 52. h4 d3 53. Ba4 d2 54. Bd1 Ne4+ 55. Kg2 Nc3 56. Bc2 d1=Q 57. Bxd1 Nxd1 58. Kg3 Nf2 59. h5 Ne4+ 60. Kg4 Nd6 61. Kg3 Ke4 62. Kg4 Ke5 63. Kg3 Kf6 64. Kf4 Nf7 65. Kg4 Ne5+ 66. Kf4 Nc4 67. Kg4 Nb6 68. Kf4 Nd5+ 69. Kg4 Ke5 70. Kg3 Kf5 71. Kh4 Kf4 72. Kh3 Kg5 73. Kg3 Kxh5 74. Kh3 Kg5 75. Kg3 Nf6 76. Kh3 h5 77. Kg3 h4+ 78. Kh3 Kh5 79. Kh2 Kg4 80. Kg2 h3+ 81. Kh2 Kh4 82. Kh1 Kg3 83. Kg1 Ng4 84. Kh1 Nf2+ 0-1


[Site "https://www.chess.com"]

[Event "Titled Tuesday Blitz March 29 Early 2022"]
[White "Andreikin, Dmitry"]
[Black "Xiong, Jeffery"]
[WhiteFideId "4158814"]
[BlackFideId "2047640"]
[WhiteElo "2736"]
[BlackElo "2727"]
[Result "1/2-1/2"]
[Round "11"]
[TimeControl "180+1"]
[Date "2022.03.29"]
[WhiteClock "0:00:22"]
[BlackClock "0:00:10"]

1. d4 d5 2. Nf3 Nf6 3. c4 e6 4. g3 dxc4 5. Bg2 c6 6. a4 Bb4+ 7. Bd2 a5 8. Qc2 O-O 9. Qxc4 Bxd2+ 10. Nbxd2 b6 11. Qc2 Ba6 12. Ne4 Nxe4 13. Qxe4 Nd7 14. O-O Rc8 15. Rfd1 Qe7 16. Qe3 Rfd8 17. Ne5 Nxe5 18. dxe5 Qb4 19. Bxc6 Qxb2 20. Bf3 Rxd1+ 21. Rxd1 h6 22. Rd6 Qc1+ 23. Qxc1 Rxc1+ 24. Kg2 Rc5 25. Rxb6 Bc4 26. Be4 g6 27. Rc6 Rxc6 28. Bxc6 Bxe2 29. Bb5 Bd1 30. f4 f6 31. Kf2 g5 32. Ke3 Kf7 33. Kd4 gxf4 34. gxf4 h5 35. Kc5 fxe5 36. fxe5 Kg6 37. Kb6 Kf5 38. Kxa5 Kxe5 39. Kb4 Bxa4 40. Bxa4 h4 41. Kc3 Kf6 42. Kd4 e5+ 43. Ke4 Kg7 44. Kxe5 Kh8 45. Kf5 h3 46. Kg4 Kg7 47. Kxh3 Kh8 48. Kg4 Kg7 49. Kg5 Kh8 50. Bb3 Kg7 51. h4 Kh8 52. Kh6 1/2-1/2


[Site "https://www.chess.com"]

[Event "Titled Tuesday Blitz March 29 Early 2022"]
[White "Aravindh, Chithambaram VR."]
[Black "Atakhan, Abtin"]
[WhiteFideId "5072786"]
[BlackFideId "22502203"]
[WhiteElo "2561"]
[BlackElo "2119"]
[Result "1-0"]
[Round "11"]
[TimeControl "180+1"]
[Date "2022.03.29"]
[WhiteClock "0:00:33"]
[BlackClock "0:00:06"]

1. b3 Nf6 2. Bb2 e6 3. g3 g6 4. Bg2 Bg7 5. e4 O-O 6. Ne2 c5 7. O-O Nc6 8. d4 cxd4 9. Nxd4 a6 10. c4 Qc7 11. Nxc6 dxc6 12. e5 Nd7 13. f4 b5 14. Nd2 Bb7 15. Ne4 c5 16. Nd6 Bxg2 17. Kxg2 f6 18. Qg4 f5 19. Qf3 Rab8 20. Rad1 Rfd8 21. Bc3 Nb6 22. Rd2 bxc4 23. Ba5 c3 24. Qxc3 Qc6+ 25. Qf3 Qxf3+ 26. Kxf3 Rd7 27. Rc1 Nd5 28. Rxc5 Bf8 29. Rc6 Bxd6 30. exd6 Rb5 31. Rxa6 g5 32. Rd3 Kf7 33. Bd2 g4+ 34. Ke2 Nf6 35. Rc6 Rbb7 36. a4 Ne4 37. a5 Rb5 38. a6 Nc5 39. Rc3 Nxb3 40. Be3 Na5 41. Rc7 Ke8 42. a7 1-0


[Site "https://www.chess.com"]